 Dungeon Crawl Stone Soup version 0.25-a0-110-ge29c8f2358 (console) character file.

Game seed: 2788595247276281677, levelgen mode: deterministic

203 Kagalorn the Poker (level 5, -6/42 HPs)
             Began as a Centaur Gladiator on Nov 19, 2019.
             Killed by nerve-wracking pain
             ... invoked by an orc priest
              (9 damage)
             ... on level 3 of the Dungeon.
             The game lasted 00:06:54 (2219 turns).

Kagalorn the Poker (Centaur Gladiator)              Turns: 2219, Time: 00:06:56

Health: -6/42      AC: 11    Str: 17    XL:     5   Next: 51%
Magic:  5/5        EV:  2    Int:  7    God:
Gold:   131        SH:  7    Dex: 11    Spells: 4/4 levels left

rFire    . . .     SeeInvis .   a - +0 trident
rCold    . . .     Gourm    .   q - +0 shield
rNeg     . . .     Faith    .   j - +0 chain mail
rPois    .         Spirit   .   p - +2 helmet
rElec    .         Reflect  .   (no cloak)
rCorr    .         Harm     .   C - +0 pair of gloves
MR       .....                  (no barding)
Stlth    ..........             (no amulet)
HPRegen  0.14/turn              (no ring)
MPRegen  0.09/turn              (no ring)

@: very quick
A: large, hooves 3, deformed body, speed 2, tough skin 3
a: no special abilities


You were on level 3 of the Dungeon.
You were not hungry.

You visited 1 branch of the dungeon, and saw 3 of its levels.

You collected 131 gold pieces.

Inventory:

Hand Weapons
 a - a +0 trident (weapon)
Missiles
 d - 3 throwing nets (quivered)
 o - 18 poisoned darts
 y - 31 bolts
 A - 18 arrows
Armour
 i - a cursed +0 leather armour
 j - a +0 chain mail (worn)
 p - a +2 helmet (worn)
 q - a +0 shield (worn)
 C - a +0 pair of gloves (worn)
Jewellery
 u - an uncursed ring of see invisible {unknown}
 w - an uncursed ring of flight {unknown}
 x - an uncursed ring of protection from cold {unknown}
Scrolls
 c - a scroll of enchant armour {unknown}
 e - a scroll of fog {unknown}
 k - 2 scrolls of teleportation {unknown}
 l - a scroll of magic mapping {unknown}
 m - 2 scrolls of identify {unknown}
 n - a scroll of amnesia {unknown}
 r - a scroll of noise {unknown}
Potions
 g - a potion of invisibility {unknown}
 h - a potion of degeneration {unknown}
 s - 2 potions of curing {unknown}
 t - a potion of cancellation {unknown}
 v - 2 potions of heal wounds {unknown}
 z - a potion of haste {unknown}
 B - a potion of brilliance {unknown}
 D - a potion of lignification {unknown}
Comestibles
 f - 4 rations


   Skills:
 + Level 2.5 Fighting
 * Level 4.8 Polearms
 + Level 2.5 Throwing
 + Level 2.6 Dodging
 * Level 0.8 Shields


You had 4 spell levels left.
You didn't know any spells.
Your spell library was empty.

Dungeon Overview and Level Annotations

Branches:
Dungeon (3/15)

Altars:
Elyvilon
Nemelex Xobeh


Innate Abilities, Weirdness & Mutations

You have hooves in place of feet.
Armour fits poorly on your strangely shaped body.
You cover ground very quickly.
You have extremely tough skin. (AC +3)


Message History

The orc priest is lightly wounded.
The orc priest mumbles some strange prayers to Beogh against you.
Pain shoots through your body!
You hit the orc priest.
The orc priest is moderately wounded.
The orc priest calls down the wrath of Beogh upon you.
Beogh smites you!
* * * LOW HITPOINT WARNING * * *
Your shield and chain mail prevent you from hitting the orc priest.
You kick the orc priest, but do no damage.
The orc priest is moderately wounded.
The orc priest hits you but does no damage.
Your chain mail prevents you from hitting the orc priest.
You kick the orc priest, but do no damage.
The orc priest is moderately wounded.
The orc priest hits you.
* * * LOW HITPOINT WARNING * * *
The orc priest mumbles some strange prayers to Beogh against you.
Pain shoots through your body!
You die...

..# # #.# # #.# .# .. #
# #.# #.# .. # ###.###<#
#.# #. # ........#####.#
#. # ...o...o......# #.
. #o#####.# #. #.
#@#[....#########. #.
...###.#.#.............
##
............#)#########.
..#######.###..)........
#.....########## #######


You could see an orc priest and an orc.

Vanquished Creatures
  A bullfrog (D:2)
  3 adders (D:2)
  An ooze (D:1)
  3 worms
  4 dart slugs
  4 leopard geckos
  10 orcs (D:3)
  A ball python (D:2)
  5 bats
  5 giant cockroaches
  6 goblins
  4 hobgoblins
  8 jackals
  A quokka (D:2)
  6 frilled lizards
  8 kobolds
  2 rats (D:2)
72 creatures vanquished.

Notes
Turn   | Place    | Note
-------+----------+-------------------------------------------
     0 | D:1      | Kagalorn the Centaur Gladiator began the quest for the Orb.
     0 | D:1      | Reached XP level 1. HP: 17/17 MP: 1/1
    59 | D:1      | Reached skill level 3 in Polearms
    80 | D:1      | Reached XP level 2. HP: 20/24 MP: 2/2
   232 | D:1      | Reached XP level 3. HP: 14/29 MP: 3/3
   992 | D:2      | Found a white marble altar of Elyvilon.
  1170 | D:2      | Noticed a bullfrog
  1234 | D:2      | Killed a bullfrog
  1234 | D:2      | Reached skill level 4 in Polearms
  1234 | D:2      | Reached XP level 4. HP: 31/37 MP: 4/4
  1289 | D:2      | Reached XP level 5. HP: 35/42 MP: 5/5
  2069 | D:3      | Found a sparkling altar of Nemelex Xobeh.
  2219 | D:3      | Killed from afar by an orc priest

Levels and vault maps discovered:
D:1:      evilmike_arrival_hilbert_curve, layout_rooms
D:2:      minmay_diamond_boxcup, layout_loops_corners, elyvilon_altar_5,
          st_stairs_2
D:3:      layout_loops_ring, nemelex_xobeh_ov_fountains_minmay, first_ration

Skill      XL: |  1  2  3 |
---------------+----------+-----
Polearms       | 3 4 |  4.8
Fighting       | |  2.5
Throwing       | |  2.5
Dodging        | |  2.6
Shields        | |  0.8

Action                   |  1- 3 |  4- 6 || total
-------------------------+-------+-------++-------
Melee: Trident           |    99 |   127 ||   226
       Kick              |    19 |    25 ||    44
Throw: Throwing net      |     1 |       ||     1
 Stab: Held in net/web   |     1 |       ||     1
  Eat: Chunk             |       |     3 ||     3
Armor: Leather armour    |     6 |       ||     6
       Chain mail        |    44 |    66 ||   110
Dodge: Dodged            |    25 |    12 ||    37
Block: Shield            |     5 |    39 ||    44

Table legend:
 A = Non-vault XP
 B = Vault XP
 C = Vault XP percentage of total XP
 D = Non-vault monster count
 E = Vault monster count
 F = Vault count percentage of total count
                 A         B        C        D         E       F
            +---------+---------+-------+---------+---------+-------
      Total |     266 |      25 |   8.6 |      63 |       9 |  12.5
            +---------+---------+-------+---------+---------+-------
        D:1 |      47 |       0 |   0.0 |      22 |       0 |   0.0
        D:2 |     162 |      25 |  13.4 |      18 |       9 |  33.3
        D:3 |      57 |       0 |   0.0 |      23 |       0 |   0.0
            +---------+---------+-------+---------+---------+-------
